cohdb
Replays
Latest Replays
All Replays
Popular Replays
Top Player Replays
Match Explorer
How It Works
Community
CoH3 Stats
Reddit
Sign in to upload your games and track your stats! →
Sign in with Steam
Match 43950146
Unlisted
Match 43950146
Overview
Messages
Build Orders
End
Panzergrenadier Squad
Panzergrenadier Squad
Selects Panzerjäger Kommand Battlegroup
Panzergrenadier Squad
Construct Light Support Kompanie
Selects Blockade Equipment
2.5-tonne Medical Truck
Selects Tank Busters
Fire Support Elements
Panzerjäger Mechanized Group
Flakvierling Half-track
Veteran Squad Leaders
Construct Panzerarmee Kommand
Armored Reserves
Selects Crew Shock Tactics
Selects Early Warning
Bartolomeus
MZMZ
BLACK.DRAGON
jerjawe
srubert83
Commander Z
[BxB] Victor
NoX
0
0
Comments
sign in to comment!
No comments posted yet!